AoeStats
← bLazeek

Black Forest

507371548Analyzed
4v4 RM · 26d ago on Sep 17, 2026· 47m 19s· 8 players
Game mode
Random Map
Map size
Large (8 player)
Population
200
Speed
Normal
Resources
Standard
Victory
Conquest
Starting age
Dark Age
Ending age
Imperial Age
RankedLock teamsTeams togetherTeam positionsShared explorationLock speedFull tech treeHidden civsTurbo modeCheats
Victory
Defeat
🇲🇽 Persians · Mexico
1116
+14
🇺🇸 Poles · United States
1093
+14
🇺🇸 Bohemians · United States
1079
+15
🇫🇮 Turks · Finland
1054
+16
vs
🇧🇷 Spanish · Brazil
1080
-15
🇵🇪 Teutons · Peru
1063
-15
🇨🇱 Persians · Chile
1052
-15
🇫🇷 Britons · France
1044
-14
tallshanks
11:15 Feudal Age
15:58 Castle Age
14:02 Double-Bit Axe
15:03 Stone Mining
15:11 Loom
20:37 Wheelbarrow
22:29 Forging
22:20 Scale Mail Armor
24:53 Fletching
25:51 Hand Cart
26:33 Ballistics
26:11 Bodkin Arrow
27:05 Stone Shaft Mining
27:08 Horse Collar
28:22 Heavy Plow
28:34 Bow Saw
29:42 Treadmill Crane
31:01 Chain Mail Armor
31:21 Iron Casting
30:49 Squires
30:35 Arson
34:37 Imperial Age
32:50 Masonry
33:41 Szlachta Privileges
33:55 Bloodlines
34:16 Scale Barding Armor
33:59 Town Watch
35:00 Husbandry
35:07 Gold Mining
36:20 Town Patrol
36:48 Fervor
36:59 Sanctity
37:32 Hoardings
38:38 Conscription
38:04 Cavalier
40:59 Devotion
41:15 Block Printing
41:40 Theocracy
41:50 Bracer
42:10 Chain Barding Armor
42:51 Blast Furnace
42:23 Plate Mail Armor
42:19 Fortified Wall
42:05 Murder Holes
43:11 Chemistry
41:45 Pikeman
44:11 Siege Engineers
45:37 Bombard Tower
45:15 Light Cavalry
46:36 Winged Hussar
WihtoriKosola
0:42 Loom
14:48 Feudal Age
15:33 Double-Bit Axe
19:02 Castle Age
17:13 Gold Mining
25:00 Imperial Age
26:24 Bow Saw
32:29 Wheelbarrow
33:34 Horse Collar
35:43 Padded Archer Armor
38:10 Leather Archer Armor
38:29 Hand Cart
38:59 Gold Shaft Mining
42:24 Town Watch
42:38 Stone Mining
43:19 Ballistics
43:25 Bombard Tower
43:46 Ring Archer Armor
47:58 Conscription
47:40 Artillery
Terror_Khan
1:35 Loom
13:42 Feudal Age
15:16 Wheelbarrow
19:37 Castle Age
21:21 Fishing Lines
22:32 Town Watch
23:11 Double-Bit Axe
24:11 Horse Collar
24:37 Gillnets
26:55 Bow Saw
28:00 Gold Mining
31:56 Imperial Age
30:01 Masonry
30:24 Scale Barding Armor
33:22 Chemistry
33:42 Two-Man Saw
32:51 Stone Mining
33:25 Chain Barding Armor
33:16 Husbandry
33:26 Bloodlines
33:36 Hand Cart
34:13 Conscription
34:12 Forging
35:46 Gold Shaft Mining
36:20 Plate Barding Armor
38:08 Hoardings
37:25 Elite War Elephant
39:40 Citadels
39:53 Ballistics
40:11 Iron Casting
41:59 Blast Furnace
41:19 Heavy Plow
41:47 Fletching
42:42 Bodkin Arrow
42:52 Padded Archer Armor
43:29 Town Patrol
43:47 Light Cavalry
BittenDork
1:11 Loom
1:16 Loom
14:16 Feudal Age
16:21 Double-Bit Axe
18:29 Fishing Lines
21:48 Castle Age
22:27 Wheelbarrow
23:13 Gillnets
28:17 Imperial Age
27:07 Chemistry
26:28 Bow Saw
26:56 Scale Mail Armor
27:42 Hand Cart
26:59 Pikeman
28:14 Chain Mail Armor
28:38 Squires
28:34 Halberdier
30:48 Houfnice
34:11 Plate Mail Armor
33:52 Forging
34:25 Conscription
36:45 Guilds
41:17 Siege Engineers
bLazeek
9:41 Loom
12:19 Feudal Age
16:24 Castle Age
15:32 Double-Bit Axe
19:12 Bow Saw
20:22 Fishing Lines
23:50 Horse Collar
25:12 Heavy Plow
25:29 Stone Mining
27:41 Wheelbarrow
27:29 Husbandry
27:39 Bloodlines
32:05 Imperial Age
29:55 Hand Cart
29:26 Town Watch
29:16 Light Cavalry
30:01 Scale Mail Armor
30:23 Gold Mining
31:03 Scale Barding Armor
31:15 Chain Mail Armor
32:46 Gold Shaft Mining
32:34 Forging
33:09 Crop Rotation
33:47 Two-Man Saw
32:30 Cavalier
35:45 Chain Barding Armor
36:02 Iron Casting
36:20 Conscription
36:52 Citadels
38:59 Stone Shaft Mining
39:40 Savar
44:12 Hussar
Jackou75
1:26 Loom
14:57 Feudal Age
15:31 Double-Bit Axe
16:53 Fishing Lines
22:37 Castle Age
22:23 Horse Collar
22:43 Stone Mining
22:45 Gold Mining
23:04 Fletching
23:17 Padded Archer Armor
25:18 Bow Saw
27:08 Pikeman
29:16 Gillnets
30:41 Bodkin Arrow
35:05 Imperial Age
34:31 Wheelbarrow
34:36 Leather Archer Armor
35:26 Elite Longbowman
36:48 Bracer
40:39 Halberdier
Petrovich
10:23 Feudal Age
10:55 Double-Bit Axe
11:29 Horse Collar
17:28 Castle Age
18:56 Wheelbarrow
18:59 Bow Saw
21:09 Loom
23:31 Heavy Plow
24:37 Hand Cart
26:39 Elite Skirmisher
30:53 Imperial Age
29:23 Bloodlines
33:01 Chemistry
33:24 Forging
33:20 Scale Barding Armor
33:16 Scale Mail Armor
33:17 Padded Archer Armor
33:01 Cavalier
34:50 Iron Casting
34:47 Gold Mining
38:06 Conscription
39:44 Chain Mail Armor
39:49 Chain Barding Armor
40:18 Paladin
41:48 Pikeman
42:29 Squires
42:14 Arson
42:14 Gambesons
44:40 Fortified Wall
44:34 Halberdier
۞_KDZ_۞
11:38 Feudal Age
15:47 Castle Age
14:44 Double-Bit Axe
16:37 Man-at-Arms
18:44 Long Swordsman
26:50 Bow Saw
27:36 Husbandry
28:48 Scale Barding Armor
28:51 Atonement
30:13 Chain Barding Armor
Connection lost

Rejoining the realm…

Still unreachable

The connection could not be restored.

Session expired

The server has moved on; the page needs a fresh start.